 Dungeon Crawl Stone Soup version 0.28.0-49-g6dfe1f597d (webtiles) character file.

Game seed: 7797559757313857935

2985 Eitelfritz the Cleaver (level 9, -6/75 HPs)
             Began as a Minotaur Gladiator on May 13, 2022.
             Was a Follower of Uskayaw.
             Killed by vampiric draining
             ... invoked by a vampire
              (13 damage)
             ... on level 6 of the Dungeon.
             The game lasted 00:13:35 (8347 turns).

Eitelfritz the Cleaver (Minotaur Gladiator)         Turns: 8347, Time: 00:13:35

Health: -6/75      AC: 12    Str: 20    XL:     9   Next: 53%
Magic:  11/11      EV:  9    Int:  7    God:    Uskayaw [*.....]
Gold:   330        SH:  0    Dex: 13    Spells: 8/8 levels left

rFire   . . .      SeeInvis +   a - +1 war axe
rCold   . . .      Faith    .   (no shield)
rNeg    . . .      Spirit   .   l - +0 chain mail
rPois   .          Reflect  .   k - +1 hat
rElec   .          Harm     .   (no cloak)
rCorr   .          Rampage  .   g - +0 pair of gloves
Will    .....                   (no boots)
Stlth   ..........              (no amulet)
HPRegen 0.22/turn               w - ring of see invisible
MPRegen 0.12/turn               (no ring)

@: confused, attractive
A: horns 2, retaliatory headbutt
a: Renounce Religion, Stomp


You were on level 6 of the Dungeon.
You worshipped Uskayaw.
Uskayaw was noncommittal.
You visited 2 branches of the dungeon, and saw 7 of its levels.
You also visited: Ossuary.

You collected 330 gold pieces.

Inventory:

Hand Weapons
 a - a +1 war axe (weapon)
 b - a +0 shortbow
 c - a +0 flail
 t - a +1 hand axe of venom
Missiles
 d - a throwing net (quivered)
 h - 6 silver javelins
 D - 34 arrows
Armour
 g - a +0 pair of gloves (worn)
 k - a +1 hat (worn)
 l - a +0 chain mail (worn)
Jewellery
 w - a ring of see invisible (left hand)
Wands
 j - a wand of acid (8)
 r - a wand of charming (10)
Scrolls
 i - a scroll of blinking
 y - a scroll of summoning {unknown}
 z - a scroll of acquirement {unknown}
 A - 2 scrolls of enchant weapon
 B - 2 scrolls of teleportation {unknown}
Potions
 e - 2 potions of brilliance
 m - 3 potions of magic
 n - 3 potions of flight
 o - a potion of invisibility
 q - 2 potions of cancellation
 s - a potion of attraction
 v - a potion of heal wounds
 C - a potion of might {unknown}


   Skills:
 + Level 6.0 Fighting
 + Level 11.2 Axes
 + Level 2.2 Throwing
 + Level 6.5 Armour
 + Level 5.2 Dodging
 + Level 2.4 Stealth
 * Level 4.3 Invocations


You had 8 spell levels left.
You didn't know any spells.
Your spell library contained the following spells:

 Spells                   Type           Power      Damage    Failure   Level
 Conjure Flame            Conj/Fire      0%         6-21      100%        3
 Ignite Poison            Fire/Tmut/Pois 0%         N/A       100%        3
 Inner Flame              Hex/Fire       0%         N/A       100%        3
 Cause Fear               Hex            0%         N/A       100%        4
 Sticky Flame             Conj/Fire      0%         2d3       100%        4
 Discord                  Hex            0%         N/A       100%        8


Dungeon Overview and Level Annotations

Branches:
Dungeon (6/15)             Temple (1/1) D:5         Ossuary (visited)

Altars:
Dithmenos
Elyvilon
Fedhas
Gozag
Hepliaklqana
Kikubaaqudgha
Makhleb
Qazlal
Ru
Sif Muna
Trog
Uskayaw
Wu Jian
Yredelemnul

Shops:
D:4 [


Innate Abilities, Weirdness & Mutations

You have a pair of horns on your head.
You reflexively headbutt those who attack you in melee.


Message History

You punch the vampire, but do no damage.
The vampire is moderately damaged.
The vampire casts a spell.
The vampire flickers and vanishes for a moment.
Unknown command.
You hit the vampire but do no damage.
The vampire is moderately damaged.
The vampire hits you but does no damage.
The vampire bites you.
* * * LOW HITPOINT WARNING * * *
The vampire draws strength from your injuries!
Unknown command.
You slash the vampire!
The vampire is heavily damaged.
The vampire hits you.
* * * LOW HITPOINT WARNING * * *
The vampire bites you but does no damage.
Unknown command.
You closely miss the vampire.
The vampire is heavily damaged.
The vampire points at you and mumbles some strange words.
You are confused.
Unknown command.
The vampire hits you.
* * * LOW HITPOINT WARNING * * *
The vampire bites you but does no damage.
Unknown command.
The vampire casts a spell at you.
You are more confused.
Unknown command.
You miss the vampire. Your headbutt misses the vampire.
The vampire is heavily damaged.
The vampire hits you!
* * * LOW HITPOINT WARNING * * *
The vampire completely misses you.
Unknown command.
You barely miss the vampire. Your headbutt misses the vampire.
The vampire is heavily damaged.
The vampire draws life force from you!
You die...

##.# ...# ##.# ##.#
#################### ##.#
###($?#.....#.....#... ##.#
#.#.).#.....#.....#... ...# #.#(/
#..#..#..#..#..# ####
#.#†###..#..#..#..#..# #
#.#..@V..#.....#.....# #####
######.#......#.....#.....#
....###......####################
#....................(...........
#.#...#.###.........(............
#.###.#...#.#####################
..#...#.....##.....(#.....#.....#
###.##########......#.....#.....#
###.... ..#†###..#..#..#..#..#


You could see a vampire (invisible).

Vanquished Creatures
  Grinder (D:3)
  Sigmund (D:2)
  A vampire mosquito (D:6)
  Menkaure (Ossuary)
  Duvessa (D:5)
  3 ice beasts (D:6)
  2 necrophages (D:5)
  An orc warrior (D:6)
  A sky beast (D:6)
  An ogre (D:6)
  2 phantoms (D:6)
  A centaur (D:6)
  An elf zombie (Ossuary)
  3 bullfrogs (D:6)
  3 scorpions
  A water moccasin zombie (D:5)
  Dowan (D:5)
  A centaur zombie (Ossuary)
  A human zombie (Ossuary)
  2 jellies (D:5)
  A hound (D:6)
  2 orc priests (D:4)
  2 bullfrog skeletons
  A centaur skeleton (D:4)
  Ijyb (D:3)
  Terence (D:3)
  An iguana (D:6)
  A killer bee zombie (D:6)
  4 ogre zombies (Ossuary)
  A hound skeleton (D:4)
  6 mummies (Ossuary)
  Robin (D:3)
  5 gnolls
  7 adders
  2 white imps (D:6)
  2 ufetubi
  2 adder zombies (Ossuary)
  An adder skeleton (D:4)
  A dart slug (D:2)
  5 orcs
  6 ball pythons
  8 bats
  9 endoplasms
  3 giant cockroaches
  A gnoll zombie (Ossuary)
  9 hobgoblins
  11 jackals
  3 quokkas
  4 frilled lizards
  15 goblins
  7 goblin zombies (Ossuary)
  3 hobgoblin zombies (Ossuary)
  4 kobolds
  2 kobold zombies (Ossuary)
  3 quokka zombies (Ossuary)
  9 rats
  5 rat zombies (Ossuary)
178 creatures vanquished.

Notes
Turn   | Place    | Note
-------+----------+-------------------------------------------
     0 | D:1      | Eitelfritz the Minotaur Gladiator began the quest for the
                  | Orb.
     0 | D:1      | Reached XP level 1. HP: 18/18 MP: 0/0
   307 | D:1      | Reached skill level 4 in Axes
   307 | D:1      | Reached XP level 2. HP: 25/25 MP: 1/1
   933 | D:1      | Found a faded altar of an unknown god.
  1226 | D:2      | Noticed Sigmund
  1246 | D:2      | Killed Sigmund
  1247 | D:2      | Reached skill level 5 in Axes
  1247 | D:2      | Reached XP level 3. HP: 11/31 MP: 2/2
  1247 | D:2      | Reached XP level 4. HP: 13/38 MP: 3/3
  1247 | D:2      | Reached XP level 5. HP: 16/45 MP: 4/4
  2010 | D:2      | Reached skill level 6 in Axes
  2111 | D:3      | Noticed Ijyb
  2111 | D:3      | Noticed Terence
  2118 | D:3      | Killed Terence
  2127 | D:3      | Killed Ijyb
  2128 | D:3      | Reached XP level 6. HP: 48/51 MP: 5/5
  2492 | D:3      | Noticed Grinder
  2504 | D:3      | Killed Grinder
  2505 | D:3      | Reached skill level 7 in Axes
  2835 | D:3      | Noticed Robin
  2841 | D:3      | Reached XP level 7. HP: 51/57 MP: 6/6
  2845 | D:3      | Killed Robin
  3687 | D:4      | Found Quseocen's Armour Shop.
  3848 | D:4      | Reached skill level 8 in Axes
  4317 | D:5      | Entered Level 5 of the Dungeon
  4385 | D:5      | Identified the +8 quarterstaff of Eternal Vigilance
                  | {antimagic, rF+ rN+ Will+}
  4403 | D:5      | Found a staircase to the Ecumenical Temple.
  4412 | Temple   | Entered the Ecumenical Temple
  4441 | Temple   | Became a worshipper of Uskayaw the Reveller
  4500 | D:5      | Reached * piety under Uskayaw
  4501 | D:5      | Reached ** piety under Uskayaw
  4553 | D:5      | Reached *** piety under Uskayaw
  4558 | D:5      | Reached **** piety under Uskayaw
  4560 | D:5      | Reached skill level 9 in Axes
  4560 | D:5      | Reached skill level 1 in Invocations
  4821 | D:5      | Reached XP level 8. HP: 67/67 MP: 7/7
  4887 | D:5      | Noticed Duvessa
  4887 | D:5      | Noticed Dowan
  4900 | D:5      | Killed Duvessa
  4902 | D:5      | Killed Dowan
  5803 | D:5      | Reached skill level 5 in Armour
  6153 | D:6      | Found a sand-covered staircase.
  6160 | Ossuary  | Entered an ossuary
  6220 | Ossuary  | Noticed Menkaure
  6238 | Ossuary  | HP: 2/67 [Menkaure/nerve-wracking pain (9)]
  6243 | Ossuary  | Killed Menkaure
  6244 | Ossuary  | Reached skill level 1 in Stealth
  6560 | Ossuary  | Reached skill level 5 in Fighting
  6630 | Ossuary  | Reached skill level 10 in Axes
  7113 | D:6      | Found a sacrificial altar of Ru.
  7320 | D:6      | Reached XP level 9. HP: 26/74 MP: 10/10
  7708 | D:6      | Reached skill level 5 in Dodging
  8090 | D:6      | Reached skill level 11 in Axes
  8098 | D:6      | Reached ***** piety under Uskayaw
  8327 | D:6      | HP: 2/75 [vampire (11)]
  8336 | D:6      | HP: 3/75 [vampire (1)]
  8347 | D:6      | Killed from afar by a vampire

Illustrated notes

Levels and vault maps discovered:
D:1:      ebering_trefoil_twist, layout_basic, ebering_ecumenical_altar_mist
D:2:      layout_basic, grunt_ministairs_1, st_stairs_13, uniq_sigmund
D:3:      kennysheep_goblin_castle, layout_basic, feat_on_display, uniq_grinder,
          uniq_ijyb, uniq_terence
D:4:      layout_cave_pools, serial_shops, nicolae_stop_n_shop_1
D:5:      layout_basic, lemuel_temple_firewalk_b, uniq_duvessa
D:6:      kennysheep_windowed_halls, layout_basic, amcnicky_altar_gilded,
          minitemple, enter_ossuary_1, minivault_24
Temple:   cyrus_circular_temple

Skill      XL: |  1  2  3  4  5  6  7  8  9 |
---------------+----------------------------+-----
Axes           | 4 5 6 7 9 10 11 | 11.2
Fighting       | 3 4 5 6 |  6.0
Armour         | 2 3 4 5 6 |  6.5
Dodging        | 4 5 |  5.2
Invocations    | 1 3 4 |  4.3
Stealth        | 1 2 |  2.4
Throwing       | |  2.2

Action                   |  1- 3 |  4- 6 |  7- 9 || total
-------------------------+-------+-------+-------++-------
Melee: War axe           |    57 |    97 |   292 ||   446
       Headbutt          |    10 |    10 |    60 ||    80
       Punch             |     1 |     2 |     3 ||     6
Throw: Throwing net      |     1 |     1 |       ||     2
  Use: Scroll            |       |       |    11 ||    11
       Potion            |       |       |     8 ||     8
 Stab: Paralysed         |       |       |    16 ||    16
Armor: Ring mail         |    20 |    51 |    75 ||   146
       Chain mail        |       |       |    30 ||    30
Dodge: Dodged            |    28 |    85 |   156 ||   269
